 Dungeon Crawl Stone Soup version 0.21-a0-504-g2eda330 (webtiles) character file.

159 Goblin1989 the Insei (level 5, 0/34 HPs)
             Began as an Octopode Transmuter on Nov 25, 2017.
             Slain by an orc
             ... wielding a +0 trident
              (6 damage)
             ... on level 3 of the Dungeon.
             The game lasted 00:03:59 (2119 turns).

Goblin1989 the Insei (Octopode Transmuter)          Turns: 2119, Time: 00:04:00

Health: 0/34       AC:  2    Str:  9    XL:     5   Next: 40%
Magic:  5/8        EV: 20    Int: 17    God:
Gold:   139        SH:  2    Dex: 17    Spells: 3/9 levels left

rFire    . . .     SeeInvis .     - Unarmed
rCold    . . .     Gourm    .   (shield currently unavailable)
rNeg     . . .     Faith    .   (helmet currently unavailable)
rPois    x         Spirit   .   u - +2 amulet of reflection
rElec    .         Reflect  +   (no ring)
rCorr    .         Harm     .   (no ring)
MR       .....                  (no ring)
Stlth    ++........             (no ring)
HPRegen  0.11/turn              (no ring)
MPRegen  0.11/turn              (no ring)
                                (no ring)
                                (no ring)

@: spider-form (expiring)
A: tiny, almost no armour, stealthy swim, (amphibious), 8 rings, (constrict 8)
a: End Transformation


You were on level 3 of the Dungeon.
You were not hungry.
You were a venomous arachnid creature.
You visited 1 branch of the dungeon, and saw 3 of its levels.

You collected 139 gold pieces.

Inventory:

Hand Weapons
 j - a +0 short sword of speed
Missiles
 a - 42 arrows
Jewellery
 u - a +2 amulet of reflection (around neck)
 w - an uncursed ring of positive energy {unknown}
Scrolls
 g - a scroll of teleportation {unknown}
 k - 2 scrolls of identify {unknown}
 l - a scroll of fear {unknown}
 q - a scroll of blinking {unknown}
 v - a scroll of enchant armour {unknown}
Potions
 h - a potion of curing {unknown}
 m - 2 potions of heal wounds {unknown}
 o - a potion of brilliance {unknown}
 r - a potion of agility {unknown}
 t - a potion of haste {unknown}
Books
 b - a book of Changes

   Spells                             Type                      Level
   a - Beastly Appendage              Transmutation                1
   b - Sticks to Snakes               Transmutation                2
   c - Spider Form                    Transmutation/Poison         3
   d - Ice Form                       Ice/Transmutation            4
   e - Blade Hands                    Transmutation                5
Comestibles
 e - 3 bread rations {@e1}
 n - 4 chunks of flesh
 p - 2 meat rations {@e2}
 s - 2 royal jellies


   Skills:
 + Level 1.9 Fighting
 + Level 2.8 Dodging
 * Level 4.1 Unarmed Combat
 + Level 2.6 Spellcasting
 * Level 2.8 Transmutations
 * Level 1.0 Poison Magic


You had 3 spell levels left.
You knew the following spells:

 Your Spells              Type           Power        Failure   Level  Hunger
a - Beastly Appendage     Tmut           ##....       16%         1    #......
b - Sticks to Snakes      Tmut           ##......     22%         2    ##.....
c - Spider Form           Tmut/Pois      #.........   45%         3    ###....


Dungeon Overview and Level Annotations

Branches:
Dungeon (3/15)

Altars:


Innate Abilities, Weirdness & Mutations

You cannot wear most types of armour.
You are very stealthy in the water. (Stealth+)
((You are amphibious.))
You can wear up to eight rings at the same time.
((You can use your tentacles to constrict eight enemies at once.))
((Your skin changes colour to match your surroundings (Stealth+).))
((Your rubbery body absorbs attacks. (AC +1, EV +1)))


Message History

The goblin is severely wounded.
The bat hits you but does no damage. x2; The goblin closely misses you.
Unknown command.
You bite the goblin!
You kill the goblin!
The bat closely misses you. The bat hits you but does no damage.
Unknown command.
You barely miss the bat.
The bat is severely wounded.
Your transformation has ended.
The bat closely misses you. The bat hits you but does no damage.
You see here a flail.
You tentacle-slap the adder. You grab the adder. You squeeze the adder.
The adder is severely wounded.
You constrict the adder. The adder misses you.
You tentacle-slap the adder.
You kill the adder!
The bat misses you.
Casting: Spider Form
Confirm with . or Enter, or press ? or * to list all spells.
You turn into a venomous arachnid creature.
The bat misses you. The bat barely misses you.
You now have 3/8 mp.
Unknown command.
You hit the bat.
The bat is severely wounded.
The bat completely misses you. The bat barely misses you.
You bite the bat!
You kill the bat!
You hit the orc wizard but do no damage.
The orc wizard is poisoned.
The orc wizard hits you with a dagger.
You take 2 damage, and have 24/34 hp.
You hit the orc wizard.
The orc wizard is moderately wounded.
The orc wizard points at you and mumbles some strange words.
The magic dart hits you!
You take 7 damage, and have 17/34 hp.
MASSIVE DAMAGE!!
You are too injured to fight recklessly!
You are too injured to fight recklessly!
You are too injured to fight recklessly!
You are too injured to fight recklessly!
You are too injured to fight recklessly!
You are too injured to fight recklessly!
You are too injured to fight recklessly!
You are too injured to fight recklessly!
You are too injured to fight recklessly!
You are too injured to fight recklessly!
You are too injured to fight recklessly!
You are too injured to fight recklessly!
You are too injured to fight recklessly!
You are too injured to fight recklessly!
You are too injured to fight recklessly!
You are too injured to fight recklessly!
You are too injured to fight recklessly!
You are too injured to fight recklessly!
You are too injured to fight recklessly!
You are too injured to fight recklessly!
You are too injured to fight recklessly!
You are too injured to fight recklessly!
You are too injured to fight recklessly!
You are too injured to fight recklessly!
You are too injured to fight recklessly!
You are too injured to fight recklessly!
Unknown command.
You hit the orc wizard but do no damage.
The orc wizard looks even sicker.
The orc wizard is moderately wounded.
The orc wizard hits you with a dagger.
You take 1 damage, and have 16/34 hp.
You hit the orc wizard.
The orc wizard looks as sick as possible!
The orc wizard is heavily wounded.
The orc wizard points at you and mumbles some strange words.
The magic dart hits you!
* * * LOW HITPOINT WARNING * * *
You take 11 damage, and have 5/34 hp.
MASSIVE DAMAGE!!
You hit the orc wizard.
The orc wizard looks as sick as possible!
The orc wizard is almost dead.
You kill the orc wizard!
Your Poison Magic skill increases to level 1!
You hit the hobgoblin.
The hobgoblin is poisoned.
The hobgoblin is lightly wounded.
The hobgoblin completely misses you.
You hit the hobgoblin.
You kill the hobgoblin!
Your transformation is almost over.
w - a blackened peridot ring You now have 139 gold pieces (gained 10).
Items here: )))) [[ ††††† You butcher the orc corpse.
Items here: % )))) [[ ÷ †††† You butcher the bat corpse.
Items here: %% )))) [[ ÷÷ ††† You butcher the adder corpse.
Items here: %%% )))) [[ ÷÷ †† You butcher the orc corpse.
The orc hits you from afar with a trident.
You die... █.b.███.█ █.S.█.█ ███.█.██ . █....█████..███ ███.........█ █÷ ██.......███ ██. █.o█████.██████.. ████)██

█.....█..█ █.)s.█
██..█.█...
█...███████████...█...
......██
█.........[....
..████.
█.............. █.
█...........█... █.
...........█..██ ..
.....███.....███ ██
█..██ ██..█████ ...
........


You could see an orc.

Vanquished Creatures
  An orc wizard (D:3)
  5 adders
  An ooze (D:1)
  5 dart slugs
  3 leopard geckos
  2 orcs (D:3)
  A ball python (D:3)
  4 giant cockroaches
  8 goblins
  6 hobgoblins
  2 jackals (D:2)
  A quokka (D:3)
  6 bats
  5 frilled lizards
  7 kobolds
  9 rats
66 creatures vanquished.

Notes
Turn   | Place    | Note
-------+----------+-------------------------------------------
     0 | D:1      | Goblin1989 the Octopode Transmuter began the quest for the Orb.
     0 | D:1      | Reached XP level 1. HP: 13/13 MP: 3/3
   285 | D:1      | Reached XP level 2. HP: 18/18 MP: 5/5
   569 | D:1      | Reached XP level 3. HP: 23/23 MP: 6/6
   981 | D:1      | Learned a level 2 spell: Sticks to Snakes
  1237 | D:2      | Reached XP level 4. HP: 27/29 MP: 7/7
  1760 | D:2      | Reached skill level 4 in Unarmed Combat
  1864 | D:2      | Learned a level 3 spell: Spider Form
  2022 | D:3      | Reached XP level 5. HP: 29/34 MP: 8/8
  2111 | D:3      | Reached skill level 1 in Poison Magic
  2119 | D:3      | Slain by an orc

Vault maps used:
D:1:      scummos_arrival_hexagon
D:2:      hangedman_decor_growths
D:3:      regret_index_temple_of_mockery, ashenzari_conservatory_becter,
          gammafunk_temple_overflow_arena, first_bread,
          okawaru_metal_pillars_1_2

Skill      XL: |  1  2  3  4  5 |
---------------+----------------+-----
Unarmed Combat | 4 |  4.1
Poison Magic   | 1 |  1.0
Fighting       | |  1.9
Dodging        | |  2.8
Spellcasting   | |  2.6
Transmutations | |  2.8

Action                   |  1- 3 |  4- 6 || total
-------------------------+-------+-------++-------
Melee: Unarmed           |    82 |    71 ||   153
       Constrict         |    20 |    16 ||    36
       Tentacles         |    12 |    15 ||    27
       Punch             |     1 |     3 ||     4
       Kick              |       |     4 ||     4
 Cast: Sticks to Snakes  |     1 |     1 ||     2
       Beastly Appendage |       |     1 ||     1
       Spider Form       |       |     2 ||     2
 Stab: Sleeping          |     8 |     3 ||    11
  Eat: Chunk             |     1 |     3 ||     4
Armor: Skin              |     5 |     8 ||    13
Dodge: Dodged            |    46 |    60 ||   106

Table legend:
 A = Spawn XP
 B = Non-spawn XP
 C = Spawn XP percentage of total XP
 D = Spawn monster count
 E = Non-spawn monster count
 F = Spawn count percentage of total count
 G = Total turns spent on level
                    A         B        C        D         E        F      G
               +---------+---------+-------+---------+---------+-------+---------
         Total |       0 |     228 |   0.0 |       0 |      66 |   0.0 |  2119
               +---------+---------+-------+---------+---------+-------+---------
           D:1 |       0 |      57 |   0.0 |       0 |      28 |   0.0 |   990
           D:2 |       0 |      97 |   0.0 |       0 |      26 |   0.0 |   899
           D:3 |       0 |      74 |   0.0 |       0 |      12 |   0.0 |   230
               +---------+---------+-------+---------+---------+-------+---------

Vault maps used:
D:1:      scummos_arrival_hexagon
D:2:      hangedman_decor_growths
D:3:      regret_index_temple_of_mockery, ashenzari_conservatory_becter,
          gammafunk_temple_overflow_arena, first_bread,
          okawaru_metal_pillars_1_2
